 Dungeon Crawl Stone Soup version 0.28-a0-863-g8cecda6153 (webtiles) character file.

Game seed: 13154718236794410844

392 jasper the Chopper (level 6, -1/38 HPs)
             Began as a Gargoyle Gladiator on Nov 18, 2021.
             Was an Initiate of Ru.
             Slain by an ogre (25 damage)
             ... on level 5 of the Dungeon.
             The game lasted 00:05:16 (3976 turns).

jasper the Chopper (Gargoyle Gladiator)             Turns: 3976, Time: 00:05:17

Health: -1/38      AC: 18    Str: 18    XL:     6   Next: 80%
Magic:  6/6        EV:  8    Int:  8    God:    Ru [......]
Gold:   159        SH:  0    Dex: 13    Spells: 5/5 levels left

rFire   + . .      SeeInvis .   a - +0 war axe (venom)
rCold   + . .      Faith    .   (no shield)
rNeg    + . .      Spirit   .   j - +0 chain mail
rPois   ∞          Reflect  .   c - +0 helmet
rElec   +          Harm     .   q - +0 cloak {Stlth+}
rCorr   .          Rampage  .   t - +0 pair of gloves
Will    .....                   o - +0 pair of boots
Stlth   ..........              (no amulet)
HPRegen 0.12/turn               i - ring of protection from fire
MPRegen 0.10/turn               v - ring of protection from cold

@: mighty
A: sickness immunity, AC +4, negative energy resistance 1, electricity
resistance, torment resistance 1, petrification resistance
a: Renounce Religion


You were on level 5 of the Dungeon.
You worshipped Ru.
Ru was noncommittal.
You visited 1 branch of the dungeon, and saw 5 of its levels.

You collected 159 gold pieces.

Inventory:

Hand Weapons
 a - a +0 war axe of venom (weapon)
 e - a +0 hand axe of freezing
 k - a +0 flail
Missiles
 d - 2 throwing nets
 g - 7 javelins
 h - 43 stones (quivered)
 u - 2 poisoned darts
Armour
 b - a +0 leather armour
 c - a +0 helmet (worn)
 j - a +0 chain mail (worn)
 o - a +0 pair of boots (worn)
 q - a +0 cloak of stealth (worn)
 t - a +0 pair of gloves (worn)
Jewellery
 i - a ring of protection from fire (left hand)
 v - a ring of protection from cold (right hand)
Scrolls
 n - 3 scrolls of amnesia
Potions
 f - a potion of might
 l - a potion of curing {unknown}
 m - a potion of haste {unknown}
 p - 2 potions of heal wounds {unknown}
 r - a potion of flight {unknown}
 s - a potion of brilliance {unknown}


   Skills:
 + Level 4.2 Fighting
 * Level 5.1 Axes
 - Level 1.7 Throwing
 + Level 3.3 Armour
 - Level 2.4 Dodging


You had 5 spell levels left.
You didn't know any spells.
Your spell library contained the following spells:

 Spells                   Type           Power      Damage    Failure   Level
 Animate Skeleton         Necr           0%         N/A       99%         1
 Apportation              Tloc           0%         N/A       99%         1
 Sting                    Tmut/Pois      0%         1d3       99%         1
 Summon Small Mammal      Summ           0%         N/A       99%         1
 Poisonous Vapours        Pois/Air       0%         N/A       100%        2
 Olgreb's Toxic Radiance  Pois           0%         N/A       100%        4


Dungeon Overview and Level Annotations

Branches:
Dungeon (5/15)
 Temple: D:4-7

Altars:
Ru

Shops:
D:3 (

Annotations:
D:4 2 transporters, CowFu's ghost, novice DrTm


Innate Abilities, Weirdness & Mutations

You are immune to sickness and miasma.
Your stone body is resilient. (AC +4)
You are immune to poison.
You resist negative energy. (rN+)
You are resistant to electric shocks. (rElec)
You are resistant to unholy torment.
You are immune to petrification.


Message History

The killer bee zombie barely misses you.
The killer bee zombie hits you but does no damage.
You miss the killer bee zombie.
The killer bee zombie is almost destroyed.
The killer bee zombie hits you but does no damage. x2
You slash the killer bee zombie!
You destroy the killer bee zombie!
HP restored.
A centaur comes into view.
The centaur shouts!
The centaur wields a +0 shortbow.
The centaur shoots an arrow.
The arrow hits you.
You take 3 damage, and have 33/38 hp.
The centaur shoots an arrow.
The arrow hits you but does no damage.
An iguana comes into view.
An ogre comes into view. It is wielding a +0 giant club.
The ogre shouts!
The centaur shoots an arrow.
The arrow hits you.
You take 3 damage, and have 30/38 hp.
The centaur shoots an arrow.
The arrow hits you.
The centaur shoots an arrow.
The arrow hits you.
You take 6 damage, and have 24/38 hp.
Found a fuming amethyst potion.
The centaur shoots an arrow.
The arrow barely misses you.
A necrophage comes into view.
Found a scroll labelled SEIMEAH ITWAF.
The centaur unwields a +0 shortbow.
The centaur barely misses you.
The centaur kicks you but does no damage.
The iguana bites you but does no damage.
You feel very mighty all of a sudden.
The centaur hits you but does no damage.
The centaur barely misses you. The iguana barely misses you.
You slash the iguana!
The iguana is poisoned.
The iguana is heavily wounded.
You barely miss the centaur. You slash the ogre!
The ogre looks as sick as possible!
The centaur barely misses you. The centaur kicks you.
The ogre hits you with a +0 giant club!!
Ouch! That really hurt!
You die...

##..#.......## #
#..# ... ##.....##
.# #### ..
.#..###..##.# .
.....#......#
.#.........#.....#
. #.........#
....#
#.........#.....#
.....#.O........#
.#..###@.#......#
##...cl##.#### #
#.....$. .#
...?.......#
..#....n#.. .
##...##... ....
!... ....# ....


You could see an ogre (extremely poisoned), a necrophage, a centaur and an
iguana (very poisoned).

Vanquished Creatures
  A black bear (D:4)
  A centaur zombie (D:3)
  A jelly (D:4)
  A gnoll shaman (D:2)
  An iguana (D:4)
  A killer bee zombie (D:5)
  A hound skeleton (D:4)
  4 gnolls
  4 adders
  3 adder skeletons (D:4)
  2 worms (D:3)
  2 dart slugs (D:2)
  4 endoplasms
  7 giant cockroaches
  4 hobgoblins
  6 quokkas
  4 ball pythons
  9 bats
  4 frilled lizards
  3 kobolds
  5 rats (D:2)
68 creatures vanquished.

Notes
Turn   | Place    | Note
-------+----------+-------------------------------------------
     0 | D:1      | jasper the Gargoyle Gladiator began the quest for the Orb.
     0 | D:1      | Reached XP level 1. HP: 12/12 MP: 1/1
   521 | D:1      | Reached skill level 3 in Axes
   521 | D:1      | Reached XP level 2. HP: 14/18 MP: 2/2
   586 | D:1      | Reached skill level 1 in Armour
   788 | D:1      | Reached XP level 3. HP: 22/22 MP: 3/3
  2049 | D:2      | Reached XP level 4. HP: 17/28 MP: 4/4
  2387 | D:3      | Reached skill level 4 in Axes
  2404 | D:3      | Reached XP level 5. HP: 31/32 MP: 5/5
  2482 | D:3      | Found a sacrificial altar of Ru.
  2511 | D:3      | Became a worshipper of Ru the Awakened
  2552 | D:3      | Found a faded altar of an unknown god.
  2884 | D:3      | Found Korcham's Antique Weapon Shop.
  3105 | D:4      | Reached XP level 6. HP: 18/38 MP: 6/6
  3490 | D:4      | Noticed a black bear
  3501 | D:4      | Killed a black bear
  3502 | D:4      | Reached skill level 5 in Axes
  3730 | D:4      | Found a transporter.
  3781 | D:4      | Noticed CowFu's ghost (novice DrTm)
  3782 | D:4      | Found a transporter.
  3908 | D:5      | Entered Level 5 of the Dungeon
  3973 | D:5      | Noticed a necrophage
  3976 | D:5      | Slain by an ogre

Illustrated notes

Levels and vault maps discovered:
D:1:      evilmike_arrival_rings, layout_basic
D:2:      layout_loops_ring, minmay_unequal
D:3:      layout_basic, old_standard_altar, serial_shops, shop,
          chequers_ecumenical_altar_island
D:4:      layout_rooms, gammafunk_ghost_mausoleum, chequers_serial_rivers_marsh,
          nicolae_underground_beach
D:5:      nicolae_cairo_tiling_large_dashed, layout_basic, gammafunk_ghost_hive,
          kennysheep_minor_cross, uniq_prince_ribbit1

Skill      XL: |  1  2  3  4  5  6 |
---------------+-------------------+-----
Axes           | 3 4 5 |  5.1
Armour         | 1 2 3 |  3.3
Fighting       | 3 4 |  4.2
Throwing       | |  1.7
Dodging        | |  2.4

Action                   |  1- 3 |  4- 6 || total
-------------------------+-------+-------++-------
Melee: War axe           |    94 |    97 ||   191
Throw: Throwing net      |     2 |       ||     2
       Stone             |    20 |    12 ||    32
  Use: Scroll            |     3 |     5 ||     8
       Potion            |       |     1 ||     1
 Stab: Held in net/web   |     1 |       ||     1
Armor: Leather armour    |    30 |       ||    30
       Chain mail        |    53 |    94 ||   147
Dodge: Dodged            |    66 |    48 ||   114

Table legend: (Time is in decaauts)
 A = Elapsed time spent in this place.
 B = Non-inter-level travel time spent in this place.
 C = Inter-level travel time spent in this place.
 D = Time resting spent in this place.
 E = Time spent auto-exploring this place.
 F = Levels seen in this place.
 G = Mean time per level.
                   A        B        C        D        E       F      G
               +--------+--------+--------+--------+--------+-----+--------+
         Total |   4080 |   3899 |    181 |    661 |   2382 |   5 |  816.0 |
       Dungeon |   4080 |   3899 |    181 |    661 |   2382 |   5 |  816.0 |
               +--------+--------+--------+--------+--------+-----+--------+

Top non-repeatable levels by time:
     D:1: 1286 daAuts
     D:2: 1152 daAuts
     D:4: 907 daAuts
     D:3: 664 daAuts
     D:5: 68 daAuts
